 Dungeon Crawl Stone Soup version 0.31-a0-232-gb1c03b2570 (webtiles) character file.

Game seed: 2524951547072365033

106 qw the Shooter (level 4, -7/26 HPs)
             Began as a Gargoyle Hexslinger on July 7, 2023.
             Mangled by an iguana (11 damage)
             ... on level 4 of the Dungeon.
             The game lasted 00:00:53 (2575 turns).

qw the Shooter (Gargoyle Hexslinger)                Turns: 2575, Time: 00:00:53

Health: -7/26      AC: 10    Str: 10 (12) XL:     4   Next: 84%
Magic:  5/5        EV: 11    Int: 11 (13) God:
Gold:   141        SH:  0    Dex: 11 (14) Spells: 4/5 levels left

rFire   + . .        c - +1 sling (heavy)
rCold   . . .        (no shield)
rNeg    + . .        k - +0 leather armour
rPois   inf          f - +2 helmet
rElec   +            e - scarf {repulsion}
rCorr   .            (no gloves)
SInv    .            h - +0 pair of boots
Will    .....        (no amulet)
Stlth   +            g - ring of protection from fire
HPRegen 0.24/turn    (no ring)
MPRegen 0.09/turn

%: repel missiles
@: no status effects
A: sickness immunity, AC +3, negative energy resistance 1, electricity
resistance, torment resistance 1, petrification resistance
a: no special abilities


You were on level 4 of the Dungeon.
You visited 1 branch of the dungeon, and saw 4 of its levels.

You collected 141 gold pieces.


Innate Abilities, Weirdness & Mutations

You are immune to sickness and miasma.
Your stone body is resilient. (AC +3)
You are immune to poison.
You resist negative energy. (rN+)
You are resistant to electric shocks. (rElec)
You are resistant to unholy torment.
You are immune to petrification.


   Skills:
 - Level 2.0 Fighting
 + Level 4.5 Ranged Weapons
 - Level 1.5 Dodging
 - Level 1.0 Spellcasting
 - Level 2.6 Hexes


You had 4 spell levels left.
You knew the following spells:

 Your Spells              Type           Power      Damage    Failure   Level
a - Slow                  Hex            24%        N/A       14%         1

Your spell library contained the following spells:

 Spells                   Type           Power      Damage    Failure   Level
 Inner Flame              Hex/Fire       3%         N/A       58%         3
 Portal Projectile        Hex/Tloc       6%         N/A       58%         3
 Cause Fear               Hex            3%         N/A       82%         4

Inventory:

Hand Weapons
 c - a +1 heavy sling (weapon)
Armour
 e - a scarf of repulsion (worn)
 f - a +2 helmet (worn)
 h - a +0 pair of boots (worn)
 k - a +0 leather armour (worn)
Jewellery
 g - a ring of protection from fire (left hand)
Scrolls
 d - a scroll of vulnerability {unknown}
 l - a scroll of identify
Potions
 a - a potion of haste {unknown}
 b - a potion of magic {unknown}
 i - a potion of attraction {unknown}
 j - a potion of heal wounds {unknown}
 m - a potion of might {unknown}
 o - 4 potions of curing

Dungeon Overview and Level Annotations

Branches:
Dungeon (4/15)
 Temple: D:4-7

Altars:
Ashenzari
Fedhas
Nemelex Xobeh

Shops:
D:1 !   D:4 [


Message History

An iguana comes into view.
The iguana hisses angrily.
Enter note:
Enter note:
Enter note:
Enter note: You shoot a sling bullet.
The sling bullet closely misses the iguana.
You shoot a sling bullet.
The sling bullet barely misses the iguana.
The iguana bites you but does no damage.
You shoot a sling bullet. The sling bullet hits the iguana.
The iguana is lightly wounded.
The iguana barely misses you.
You shoot a sling bullet. The sling bullet hits the iguana.
The iguana is heavily wounded.
The iguana bites you!
The iguana bites you but does no damage.
You shoot a sling bullet.
The sling bullet hits the iguana but does no damage.
The iguana is heavily wounded.
The iguana bites you. The iguana bites you!
2572 ||| READING scroll of teleportation.
As you read the scroll of teleportation, it crumbles to dust.
You feel strangely unstable. The iguana bites you.
You shoot a sling bullet. The sling bullet hits the iguana.
The iguana is severely wounded.
The iguana misses you. x2
You shoot a sling bullet.
The sling bullet closely misses the iguana.
Your surroundings suddenly seem different.
Enter note:
Enter note:
Enter note:
Enter note: You shoot a sling bullet.
The sling bullet barely misses the iguana.
The iguana barely misses you. The iguana bites you!
You die...

..###.##...........# #...### #
#..####.##.....#####.....#
#....##.##.###>......#.#.#
####..##.##. #.......#.#.#### ..
#........##.###.##..##........
...+...#.#..............#..#.###.
......?#................#..#.###.
...#####.#####.#.##.##..#........
....#....# #@l..##..#.##..##.
##.}#..### ###...#..#.###.##.
###..## ..#.#..# .##. #....# ##.
.#..# .##. #..### #. ## .. ##.##
#. ## ...# ...# .########


You could see an iguana.

Vanquished Creatures
  An adder (D:4)
  A white imp (D:4)
  A worm (D:3)
  5 dart slugs
  5 orcs (D:3)
  6 ball pythons
  4 bats
  4 endoplasms
  A giant cockroach (D:1)
  10 goblins
  9 hobgoblins
  5 quokkas
  5 frilled lizards
  4 kobolds
  4 rats
65 creatures vanquished.

Notes
Turn   | Place    | Note
-------+----------+-------------------------------------------
     0 | D:1      | qw the Gargoyle Hexslinger began the quest for the Orb.
     0 | D:1      | Reached XP level 1. HP: 12/12 MP: 2/2
     0 | D:1      | 0 ||| qw: Version: 0.3-a-46-gb1f654a
     0 | D:1      | 0 ||| qw: Game counter: 2604
     0 | D:1      | 0 ||| qw: Melee chars always use a shield: true
     0 | D:1      | 0 ||| qw: God list: Okawaru
     0 | D:1      | 0 ||| qw: Allow faded altars: false
     0 | D:1      | 0 ||| qw: Do Orc after clearing Dungeon:15 true
     0 | D:1      | 0 ||| qw: Do second Lair branch before Depths: true
     0 | D:1      | 0 ||| qw: Lair rune preference: random
     0 | D:1      | 0 ||| qw: Goals: Normal
     0 | D:1      | 0 ||| PLANNING D:1-11
   127 | D:1      | Reached XP level 2. HP: 16/16 MP: 3/3
   199 | D:1      | Reached skill level 3 in Ranged Weapons
   323 | D:1      | Found Umnopaen's Distillery.
   331 | D:1      | 331 ||| SHOPLISTING potion of curing (36 gold, have 22).
   331 | D:1      | 331 ||| SHOPLISTING potion of heal wounds (60 gold, have
                  | 22).
   331 | D:1      | 331 ||| SHOPLISTING potion of mutation (96 gold, have 22).
   533 | D:1      | Reached XP level 3. HP: 21/21 MP: 4/4
   913 | D:1      | 913 ||| UPGRADING to scarf of repulsion.
   918 | D:1      | 918 ||| UPGRADING to +2 helmet.
   923 | D:1      | 923 ||| UPGRADING to +0 pair of boots.
   928 | D:1      | 928 ||| UPGRADING to +0 leather armour.
   938 | D:1      | 938 ||| DROPPING +0 robe.
   939 | D:1      | 939 ||| READING scroll labelled AMMOFY FATIASS.
   940 | D:1      | 940 ||| READING scroll labelled ERIMMI DIOGEY.
   941 | D:1      | 941 ||| READING scroll labelled OTEFIU AFEALILULE.
   942 | D:1      | 942 ||| READING 2 scrolls labelled CIRHEUR GEE.
   945 | D:1      | 945 ||| DRINKING 2 smoky purple potions.
   946 | D:1      | 946 ||| DROPPING scroll of poison.
   947 | D:1      | 947 ||| DROPPING potion of degeneration.
  1036 | D:2      | Noticed a shining eye
  1045 | D:2      | Noticed a floating eye
  1283 | D:2      | 1283 ||| READING scroll of brand weapon.
  1283 | D:2      | 1283 ||| BRANDING +1 sling of flaming.
  1360 | D:2      | Found a faded altar of an unknown god.
  1360 | D:2      | Noticed a floating eye
  1365 | D:2      | Noticed a shining eye
  1370 | D:2      | Reached XP level 4. HP: 26/26 MP: 5/5
  1596 | D:3      | Found a sparkling altar of Nemelex Xobeh.
  1665 | D:3      | Reached skill level 4 in Ranged Weapons
  1976 | D:3      | HP: 6/26 [orc/+0 whip (4)]
  1977 | D:3      | 1977 ||| READING 2 scrolls of teleportation.
  1994 | D:3      | 1994 ||| FLEEEEING.
  1995 | D:3      | 1995 ||| FLEEEEING.
  1996 | D:3      | 1996 ||| FLEEEEING.
  1997 | D:3      | 1997 ||| FLEEEEING.
  1998 | D:3      | 1998 ||| FLEEEEING.
  1999 | D:3      | 1999 ||| FLEEEEING.
  2185 | D:3      | Found a blossoming altar of Fedhas.
  2335 | D:3      | 2335 ||| UPGRADING to ring of protection from fire.
  2336 | D:3      | 2336 ||| READING scroll labelled LUSISM MOHUEN.
  2337 | D:3      | 2337 ||| READING scroll labelled YSSINU QYTHYID.
  2356 | D:3      | 2356 ||| DRINKING 5 bubbling clear potions.
  2398 | D:4      | Found a broken altar of Ashenzari.
  2506 | D:4      | Found Bocar's Antique Armour Shop.
  2571 | D:4      | HP: 4/26 [iguana (7)]
  2572 | D:4      | 2572 ||| READING scroll of teleportation.
  2575 | D:4      | Mangled by an iguana

Levels and vault maps discovered:
D:1:      wander_arrival_desolate, layout_basic, serial_shops, shop,
          minmay_distorted
D:2:      layout_loops_ring, hellmonk_ecumenical_altar_watching_god
D:3:      layout_loops_ring, fedhas_altar_4, old_standard_altar
D:4:      layout_loops_ring, nicolae_overflow_crystal_walls,
          evilmike_ruin_ashenzari, mainiacjoe_overflow_surrounded_room,
          nicolae_take_the_stairs

Skill      XL: |  1  2  3  4 |
---------------+-------------+-----
Ranged Weapons | 3 4 |  4.5
Fighting       | 2 |  2.0
Dodging        | |  1.5
Spellcasting   | |  1.0
Hexes          | |  2.6

Action                     |  1- 3 |  4- 6 || total
---------------------------+-------+-------++-------
   Fire: Sling             |   115 |    64 ||   179
    Use: Scroll            |     5 |     4 ||     9
         Potion            |     1 |     1 ||     2
 Armour: Robe              |    11 |       ||    11
         Leather armour    |     3 |    34 ||    37
  Dodge: Dodged            |    44 |    29 ||    73
         Repelled          |       |     1 ||     1

Table legend:
 A = Non-vault XP
 B = Vault XP
 C = Vault XP percentage of total XP
 D = Non-vault monster count
 E = Vault monster count
 F = Vault count percentage of total count
                 A         B        C        D         E       F
            +---------+---------+-------+---------+---------+-------
      Total |     145 |       7 |   4.6 |      62 |       3 |   4.6
            +---------+---------+-------+---------+---------+-------
        D:1 |      53 |       7 |  11.7 |      27 |       3 |  10.0
        D:2 |      26 |       0 |   0.0 |      13 |       0 |   0.0
        D:3 |      35 |       0 |   0.0 |      16 |       0 |   0.0
        D:4 |      31 |       0 |   0.0 |       6 |       0 |   0.0
            +---------+---------+-------+---------+---------+-------
